 Dungeon Crawl Stone Soup version 0.30-a0-626-gd6a5dd7a1f (webtiles) character file.

Game seed: 16578072458890398507

291 bmack86 the Trooper (level 6, -2/56 HPs)
             Began as a Minotaur Fighter on Jan 11, 2023.
             Slain by Pikel
             ... wielding a +0 whip of flaming
              (3 damage)
             ... on level 4 of the Dungeon.
             The game lasted 00:07:25 (2280 turns).

bmack86 the Trooper (Minotaur Fighter)              Turns: 2280, Time: 00:07:25

Health: -2/56      AC:  9    Str: 22    XL:     6   Next: 10%
Magic:  5/5        EV:  9    Int:  5    God:
Gold:   48         SH:  4    Dex: 10    Spells: 5/5 levels left

rFire   . . .      SeeInvis .    a - +0 war axe
rCold   . . .      Faith    .    c - +0 buckler
rNeg    . . .      Spirit   .    b - +0 scale mail
rPois   .          Reflect  .    (helmet restricted)
rElec   .          Harm     .    (no cloak)
rCorr   .          Rampage  .    r - +0 pair of gloves
Will    .....                    p - +0 pair of boots Stlth
                                 (no amulet)
HPRegen 0.29/turn                (no ring)
MPRegen 0.09/turn                (no ring)

@: no status effects
A: horns 2, retaliatory headbutt
a: no special abilities


You were on level 4 of the Dungeon.
You visited 1 branch of the dungeon, and saw 4 of its levels.

You collected 108 gold pieces.
You spent 60 gold pieces at shops.

Inventory:

Hand Weapons
 a - a +0 war axe (weapon)
 w - a +0 war axe
Missiles
 j - 2 atropa-tipped darts
 m - 2 boomerangs (quivered)
 o - 6 poisoned darts
Armour
 b - a +0 scale mail (worn)
 c - a +0 buckler (worn)
 p - a +0 pair of boots (worn)
 r - a +0 pair of gloves (worn)
Scrolls
 e - a scroll of poison
 f - a scroll of fear
 k - a scroll of immolation
 n - a scroll of silence
 t - a scroll of vulnerability {unknown}
 v - a scroll of enchant weapon {unknown}
Potions
 d - 3 potions of might
 g - 2 potions of heal wounds
 h - 6 potions of curing
 q - 3 potions of mutation
 u - a potion of flight


   Skills:
 * Level 5.5 Fighting
 * Level 4.9 Axes
 + Level 4.7 Armour
 + Level 4.6 Shields


You had 5 spell levels left.
You didn't know any spells.
Your spell library contained the following spells:

 Spells                   Type           Power      Damage    Failure   Level
 Scorch                   Fire           0%         2d5       95%         2
 Sublimation of Blood     Necr           0%         N/A       95%         2
 Wereblood                Tmut           0%         N/A       95%         2
 Ignite Poison            Fire/Tmut/Pois 0%         N/A       99%         3
 Flame Wave               Conj/Fire      0%         2d4       100%        4
 Sticky Flame             Conj/Fire      0%         2d3       100%        4
 Summon Cactus Giant      Summ           0%         N/A       100%        6
 Summon Hydra             Summ           0%         N/A       100%        7
 Ignition                 Fire           0%         3d3       100%        8


Dungeon Overview and Level Annotations

Branches:
Dungeon (4/15)
 Temple: D:4-7

Altars:

Shops:
D:1 !   D:3 !   D:4 (

Annotations:
D:4 Pikel


Innate Abilities, Weirdness & Mutations

You have a pair of horns on your head.
You reflexively headbutt those who attack you in melee.


Message History

Pikel barely misses you. You furiously retaliate!
You headbutt Pikel. You slash Pikel!
Pikel is heavily wounded.
You barely miss the lemure. You closely miss the lemure. x2
The lemure hits you but does no damage. Pikel hits you but does no damage.
The lemure hits you. x2
You barely miss Pikel. You headbutt Pikel, but do no damage.
Pikel is heavily wounded.
You closely miss the lemure. x2; You completely miss the lemure.
You block the lemure's attack.
Pikel hits you with a +0 whip of flaming.
Pikel burns you. The lemure hits you but does no damage. The lemure hits you.
* * * LOW HITPOINT WARNING * * *
The lemure hits you but does no damage. x2
Pikel waves his whip at you.
Pikel hits you with a +0 whip of flaming.
* * * LOW HITPOINT WARNING * * *
Pikel burns you.
* * * LOW HITPOINT WARNING * * *
The lemure closely misses you.
You slash Pikel! Your headbutt misses Pikel.
Pikel is almost dead.
You closely miss the lemure. You barely miss the lemure. You hit the lemure.
The lemure hits you but does no damage. x2; The lemure barely misses you.
You furiously retaliate!
You headbutt the lemure. Pikel barely misses you.
You barely miss Pikel. Your headbutt misses Pikel.
Pikel is almost dead.
You hit the lemure but do no damage. You completely miss the lemure.
You barely miss the lemure. The lemure hits you.
* * * LOW HITPOINT WARNING * * *
The lemure hits you but does no damage. You block Pikel's attack.
The lemure hits you but does no damage.
You barely miss Pikel.
Pikel is almost dead.
You hit the lemure. You closely miss the lemure. You barely miss the lemure.
The lemure barely misses you.
Pikel hits you with a +0 whip of flaming!
* * * LOW HITPOINT WARNING * * *
Pikel burns you.
You die...

# #.########.##
###..55†.......
#...5K@5.....##
#.#.#######..#
# .#


You could see Pikel and 4 lemures.

Vanquished Creatures
  2 orc priests (D:3)
  Natasha (thrice) (D:2)
  An orc wizard (D:3)
  4 adders
  4 worms
  3 dart slugs
  4 orcs (D:3)
  2 bats (D:2)
  7 endoplasms
  3 giant cockroaches
  6 goblins
  7 hobgoblins
  7 jackals
  8 kobolds
  2 quokkas
  5 ball pythons
  4 frilled lizards
  5 rats
77 creatures vanquished.

Notes
Turn   | Place    | Note
-------+----------+-------------------------------------------
     0 | D:1      | bmack86 the Minotaur Fighter began the quest for the Orb.
     0 | D:1      | Reached XP level 1. HP: 19/19 MP: 0/0
    83 | D:1      | Found a faded altar of an unknown god.
    94 | D:1      | Reached XP level 2. HP: 21/27 MP: 1/1
   138 | D:1      | Reached skill level 4 in Fighting
   234 | D:1      | Found Befyffer's Distillery.
   301 | D:1      | Reached XP level 3. HP: 31/33 MP: 2/2
   925 | D:2      | Reached XP level 4. HP: 41/41 MP: 3/3
  1062 | D:2      | Noticed Natasha
  1066 | D:2      | Killed Natasha
  1272 | D:2      | Noticed Natasha
  1280 | D:2      | Killed Natasha
  1424 | D:2      | Noticed Natasha
  1432 | D:2      | Killed Natasha
  1433 | D:2      | Reached skill level 5 in Fighting
  1433 | D:2      | Reached XP level 5. HP: 43/48 MP: 4/4
  1576 | D:3      | Found Bupodeg's Distillery.
  1584 | D:3      | Bought a potion of degeneration for 10 gold pieces
  1584 | D:3      | Bought a potion of heal wounds for 50 gold pieces
  1955 | D:3      | Reached XP level 6. HP: 44/56 MP: 5/5
  2248 | D:4      | Found Nuanu's Weapon Shop.
  2269 | D:4      | Noticed Pikel
  2280 | D:4      | HP: 1/56 [Pikel/+0 whip of flaming (7)]
  2280 | D:4      | Slain by Pikel

Illustrated notes

Levels and vault maps discovered:
D:1:      dpeg_arrival_three_smaller_balls, layout_basic, serial_shops, shop,
          hellmonk_ecumenical_altar_run_dry
D:2:      layout_basic, uniq_natasha
D:3:      layout_basic, serial_shops, shop
D:4:      layout_loops_ring, grunt_qazlal_clouds, serial_shops,
          nicolae_diamond_shop, ebering_ghost_rock_garden, uniq_robin,
          uniq_pikel, uniq_sigmund, uniq_grinder, uniq_menkaure, uniq_duvessa

Skill      XL: |  1  2  3  4 |
---------------+-------------+-----
Fighting       | 4 5 |  5.5
Axes           | 3 4 |  4.9
Armour         | 4 |  4.7
Shields        | 4 |  4.6

Action                   |  1- 3 |  4- 6 || total
-------------------------+-------+-------++-------
Melee: War axe           |    84 |    86 ||   170
       Headbutt          |    10 |    10 ||    20
  Use: Scroll            |       |     9 ||     9
Armor: Scale mail        |    44 |    40 ||    84
Dodge: Dodged            |    38 |    47 ||    85
Block: Buckler           |    13 |    19 ||    32

Table legend: (Time is in decaauts)
 A = Elapsed time spent in this place.
 B = Non-inter-level travel time spent in this place.
 C = Inter-level travel time spent in this place.
 D = Time resting spent in this place.
 E = Time spent auto-exploring this place.
 F = Levels seen in this place.
 G = Mean time per level.
                   A        B        C        D        E       F      G
               +--------+--------+--------+--------+--------+-----+--------+
         Total |   2340 |   2270 |     70 |      0 |   1588 |   4 |  585.0 |
       Dungeon |   2340 |   2270 |     70 |      0 |   1588 |   4 |  585.0 |
               +--------+--------+--------+--------+--------+-----+--------+

Top non-repeatable levels by time:
     D:2: 870 daAuts
     D:1: 750 daAuts
     D:3: 683 daAuts
     D:4: 35 daAuts
